 Seeded DCSS version 0.29-a0-398-ge13fd1374b (webtiles) character file.

Game seed: 3894680699799314024 (custom seed)

125 zeratav the Digger (level 5, -5/31 HPs)
             Began as an Octopode Earth Elementalist on May 12, 2022.
             Was an Initiate of Yredelemnul.
             Killed by divine providence
             ... invoked by an orc priest
              (12 damage)
             ... on level 3 of the Dungeon.
             The game lasted 00:01:44 (1387 turns).

zeratav the Digger (Octopode Earth Elementalist)    Turns: 1387, Time: 00:01:44

Health: -5/31      AC:  5    Str: 13    XL:     5   Next: 9%
Magic:  9/9        EV: 13    Int: 20    God:    Yredelemnul [......]
Gold:   128        SH:  0    Dex: 12    Spells: 9/10 levels left

rFire   . . .      SeeInvis .   c - +0 falchion {long}
rCold   . . .      Faith    .   (no shield)
rNeg    . . .      Spirit   .   (helmet restricted)
rPois   .          Reflect  .   (no amulet)
rElec   .          Harm     .   d - +4 ring of protection
rCorr   .          Rampage  .   i - +6 ring of strength
Will    .....                   (no ring)
Stlth   +++.......              (no ring)
HPRegen 0.10/turn               (no ring)
MPRegen 0.11/turn               (no ring)
                                (no ring)
                                (no ring)

@: no status effects
A: almost no armour, amphibious, 8 rings, camouflage 1, gelatinous body 1,
(nimble swimmer 1), tentacles
a: Renounce Religion, Recall Undead Harvest


You were on level 3 of the Dungeon.
You worshipped Yredelemnul.
Yredelemnul was noncommittal.
You visited 1 branch of the dungeon, and saw 3 of its levels.

You collected 128 gold pieces.


Innate Abilities, Weirdness & Mutations

You cannot wear most types of armour.
You are amphibious.
You can wear up to eight rings at the same time.
Your skin changes colour to match your surroundings (Stealth+).
Your rubbery body absorbs attacks. (AC +1, EV +1)
((You are camouflaged when in or above water. (Stealth+)))
You have tentacles for arms and can constrict up to eight enemies at once.


   Skills:
 - Level 2.0 Dodging
 - Level 2.6 Stealth
 + Level 3.1 Spellcasting
 - Level 1.0 Transmutations
 * Level 4.9 Earth Magic


You had 9 spell levels left.
You knew the following spells:

 Your Spells              Type           Power      Damage    Failure   Level
a - Sandblast             Erth           44%        2d11      1%          1

Your spell library contained the following spells:

 Spells                   Type           Power      Damage    Failure   Level
 Passwall                 Tmut/Erth      12%        N/A       6%          2
 Stone Arrow              Conj/Erth      26%        3d8       16%         3
 Petrify                  Tmut/Erth      15%        N/A       38%         4

Inventory:

Hand Weapons
 c - a +0 falchion (weapon) {long}
   (You found it on level 1 of the Dungeon)
Missiles
 a - 110 stones {throwing}
Jewellery
 d - a +4 ring of protection (left tentacle)
   (You found it on level 1 of the Dungeon)
 i - a +6 ring of strength (right tentacle)
   (You found it on level 2 of the Dungeon)
Scrolls
 e - a scroll of amnesia {unknown}
 g - 8 scrolls of identify {unknown}
 j - a scroll of noise {unknown}
 k - a scroll of enchant armour {unknown}
 m - a scroll of vulnerability {unknown}
 n - a scroll of magic mapping {unknown}
Potions
 b - a potion of magic
 f - 2 potions of haste {unknown}
 h - a potion of berserk rage {unknown}
 l - a potion of ambrosia {unknown}
 o - a potion of curing {unknown}

Dungeon Overview and Level Annotations

Branches:
Dungeon (3/15)

Altars:
Yredelemnul

##.#.#
#.####....###
............+
######...####
###.## #.).#
#.###
####.###
#.)@...#
#.##o#Z# #
#.#.# #.# #
#.. ###


You could see an orc priest and a friendly quokka zombie.


Message History

An orc comes into view. It is wielding a +0 club.
You see here 15 gold pieces.
You completely miss the orc. You grab the orc. You constrict the orc.
The orc barely misses you. The orc hits you but does no damage.
You hit the orc.
You kill the orc!
Your Spellcasting skill increases to level 3!
No target in view!
No target in view!
No target in view!
No target in view!
No target in view!
No target in view!
No target in view!
No target in view!
No target in view!
No target in view!
No target in view!
No target in view!
No target in view!
No target in view!
You swap places.
You now have 128 gold pieces (gained 15).
You swap places.
A bat comes into view.
Things that are here:
a +0 club {mace}; a +0 ring mail A bat is nearby!
An orc wizard, an orc and an orc priest come into view.
The orc wizard shouts!
The orc shouts!
The orc priest shouts!
The bat hits you but does no damage.
The orc wizard hits you but does no damage.
You barely miss the orc wizard. You grab the orc wizard.
You constrict the orc wizard. The bat hits you but does no damage.
The bat hits your quokka zombie. x2
The orc wizard hits you with a +0 dagger.
Your quokka zombie closely misses the bat.
The bat hits you but does no damage.
HP[-1]
You take 1 damage, and now have 26/27 hp.
You hit the orc wizard. You constrict the orc wizard.
The bat closely misses you.
The bat barely misses your quokka zombie. x2
The orc priest hits you with a +0 flail.
The orc wizard hits you with a +0 dagger.
Your quokka zombie barely misses the bat.
The bat closely misses your quokka zombie.
The orc priest closely misses you.
The orc wizard hits you but does no damage.
HP[-3]
You take 3 damage, and now have 23/27 hp.
You hit the orc wizard. You constrict the orc wizard.
The bat barely misses you. The bat hits your quokka zombie.
Your quokka zombie misses the bat.
The orc priest hits you with a +0 flail!
The orc wizard completely misses you.
HP[-8]
You take 8 damage, and now have 15/27 hp.
MASSIVE DAMAGE!! (PAUSE)
You are too injured to fight recklessly!
You are too injured to fight recklessly!
You are too injured to fight recklessly!
You are too injured to fight recklessly!
You are too injured to fight recklessly!
You are too injured to fight recklessly!
You are too injured to fight recklessly!
You are too injured to fight recklessly!
You are too injured to fight recklessly!
You are too injured to fight recklessly!
You are too injured to fight recklessly!
You are too injured to fight recklessly!
You are too injured to fight recklessly!
You are too injured to fight recklessly!
You are too injured to fight recklessly!
You are too injured to fight recklessly!
You are too injured to fight recklessly!
You are too injured to fight recklessly!
You are too injured to fight recklessly!
Unknown command.
You hit the orc wizard.
You squeeze the orc wizard, but do no damage.
You constrict the orc wizard.
You kill the orc wizard!
The bat hits your quokka zombie.
The orc priest hits you with a +0 flail.
* * * LOW HITPOINT WARNING * * *
You have reached level 5!
You feel clever.
HP[-4] MP[+1]
You now have 31 max hp (+4).
Your mp is fully restored (9).
You hit the orc. Your grab misses the orc. You squeeze the orc.
You kill the orc!
Something barely misses your quokka zombie. x2
The orc priest hits you with a +0 flail.
* * * LOW HITPOINT WARNING * * *
Something hits your quokka zombie.
Your quokka zombie bites something.
The orc priest invokes the aid of Beogh against you.
Beogh smites you!
You die...
Your body rises from the dead as a mindless zombie.

Skill      XL: |  1  2  3  4 |
---------------+-------------+-----
Earth Magic    | 4 |  4.9
Spellcasting   | 3 |  3.1
Dodging        | |  2.0
Stealth        | |  2.6
Transmutations | |  1.0

Action                   |  1- 3 |  4- 6 || total
-------------------------+-------+-------++-------
Melee: Falchion          |    57 |    12 ||    69
       Tentacles         |    10 |     5 ||    15
       Constrict         |    12 |     5 ||    17
       Punch             |     1 |       ||     1
 Cast: Sandblast         |     3 |     4 ||     7
 Stab: Sleeping          |     8 |     1 ||     9
Armor: Skin              |     9 |     7 ||    16
Dodge: Dodged            |    40 |     8 ||    48

Levels and vault maps discovered:
D:1:      scummos_arrival_star, layout_rooms, ebering_ecumenical_altar_ruins
D:2:      layout_basic, serial_park_tiny_1, minmay_surrounded
D:3:      layout_loops_corners, serial_glass, glass_columns_b, glass_columns_a,
          glass_columns_a, glass_columns_a

Notes
Turn   | Place    | Note
-------+----------+-------------------------------------------
     0 | D:1      | zeratav the Octopode Earth Elementalist began the quest for
                  | the Orb.
     0 | D:1      | Reached XP level 1. HP: 11/11 MP: 3/3
     0 | D:1      | magus.rc [v1.9.6]
    44 | D:1      | Reached XP level 2. HP: 17/17 MP: 5/5
   123 | D:1      | Found a faded altar of an unknown god.
   461 | D:1      | Prayed at the altar of an unknown god.
   461 | D:1      | Became a worshipper of Yredelemnul the Dark
   461 | D:1      | Reached * piety under Yredelemnul
   492 | D:2      | Reached XP level 3. HP: 12/21 MP: 6/6
   882 | D:2      | Reached skill level 4 in Earth Magic
  1009 | D:2      | Reached XP level 4. HP: 27/27 MP: 4/8
  1376 | D:3      | Reached skill level 3 in Spellcasting
  1387 | D:3      | Reached XP level 5. HP: 11/31 MP: 9/9
  1387 | D:3      | HP: 7/31 [orc priest/+0 flail (4)]
  1387 | D:3      | Killed from afar by an orc priest

Vanquished Creatures
  An orc wizard (D:3)
  4 gnolls (D:2)
  An adder (D:2)
  2 orcs (D:3)
  7 ball pythons
  3 bats
  4 endoplasms (D:1)
  A giant cockroach (D:1)
  5 goblins
  2 hobgoblins
  2 quokkas
  A frilled lizard (D:1)
  2 kobolds (D:1)
  3 rats
38 creatures vanquished.

Vanquished Creatures (collateral kills)
  An adder (D:2)
  A dart slug (D:2)
  A rat (D:2)
3 creatures vanquished.

Grand Total: 41 creatures vanquished

Table legend:
 A = Non-vault XP
 B = Vault XP
 C = Vault XP percentage of total XP
 D = Non-vault monster count
 E = Vault monster count
 F = Vault count percentage of total count
                 A         B        C        D         E       F
            +---------+---------+-------+---------+---------+-------
      Total |     171 |      11 |   6.0 |      36 |       5 |  12.2
            +---------+---------+-------+---------+---------+-------
        D:1 |      28 |       0 |   0.0 |      16 |       0 |   0.0
        D:2 |      97 |      11 |  10.2 |      14 |       5 |  26.3
        D:3 |      46 |       0 |   0.0 |       6 |       0 |   0.0
            +---------+---------+-------+---------+---------+-------

Illustrated notes

Table legend:
 A = Kills in this place as a percentage of kills in entire the game.
 B = Kills by you in this place as a percentage of kills by you in the entire game.
 C = Kills by friends in this place as a percentage of kills by friends in the entire game.
 D = Other kills in this place as a percentage of other kills in the entire game.
 E = Experience gained in this place as a percentage of experience gained in the entire game.
 F = Experience gained in this place divided by the number of levels of this place that you have seen.
                   A       B       C       D       E      F
               +-------+-------+-------+-------+-------+----------------------
         Total | 100.0 | 100.0 | 100.0 |   N/A | 100.0 |  60.7
       Dungeon | 100.0 | 100.0 | 100.0 |   N/A | 100.0 |  60.7
               +-------+-------+-------+-------+-------+----------------------

Table legend: (Time is in decaauts)
 A = Elapsed time spent in this place.
 B = Non-inter-level travel time spent in this place.
 C = Inter-level travel time spent in this place.
 D = Time resting spent in this place.
 E = Time spent auto-exploring this place.
 F = Levels seen in this place.
 G = Mean time per level.
                   A        B        C        D        E       F      G
               +--------+--------+--------+--------+--------+-----+--------+
         Total |   1405 |   1377 |     28 |     55 |   1052 |   3 |  468.3 |
       Dungeon |   1405 |   1377 |     28 |     55 |   1052 |   3 |  468.3 |
               +--------+--------+--------+--------+--------+-----+--------+

Top non-repeatable levels by time:
     D:2: 659 daAuts
     D:1: 481 daAuts
     D:3: 264 daAuts
